MID
KANE COUNTY COUGARS @ PEORIA CHIEFS
04/06/2048
 
TOP OF THE 1ST
Kane County Cougars batting - Pitching for Peoria Chiefs : RHP Gareth Haigh
Pitching: RHP Gareth Haigh
Batting: RHB Francisco Gutierrez 0-0: Ball
1-0: Called Strike
1-1: Foul Ball, location: 2F
1-2: Ground out U3 (Groundball, 3, EV 85.6 MPH)
Batting: SHB Blaine Peters 0-0: Ball
1-0: Fly out, F5 (Popup, 56, EV 61.9 MPH)
Batting: RHB Chad Mendoza 0-0: Fly out, F8 (Flyball, 8LD, EV 105.6 MPH)
Top of the 1st over - 0 runs, 0 hits, 0 errors, 0 left on base; Kane County 0 - Peoria 0
BOTTOM OF THE 1ST
Peoria Chiefs batting - Pitching for Kane County Cougars : RHP Nobuo Okazaki
Pitching: RHP Nobuo Okazaki
Batting: SHB Hank Arias 0-0: Called Strike
0-1: Swinging Strike
0-2: Ball
1-2: Ball
2-2: Strikes out swinging
Batting: RHB Pat Scaturro 0-0: Called Strike
0-1: SINGLE (Line Drive, 4D, EV 104.4 MPH)
Batting: RHB Chris Norris 0-0: Foul Ball, location: 2F
0-1: Ball
1-1: Fly out, F8 (Flyball, 8RM, EV 88.1 MPH)
Batting: RHB Edgar Landim Pickoff Throw to First - Out! 1-3 CS
Bottom of the 1st over - 0 runs, 1 hit, 0 errors, 0 left on base; Kane County 0 - Peoria 0
TOP OF THE 2ND
Kane County Cougars batting - Pitching for Peoria Chiefs : RHP Gareth Haigh
Batting: LHB J.P. Olson 0-0: Ball
1-0: Foul Ball, location: 2F
1-1: Ball
2-1: Called Strike
2-2: Ball
3-2: Base on Balls
Batting: SHB John Cummings 0-0: Called Strike
0-1: Ball
1-1: Ball
2-1: Foul Ball, location: 2F
2-2: Ball
J.P. Olson is caught stealing 2nd base 2-6
3-2: Foul Ball, location: 2F
3-2: Strikes out looking
Batting: RHB D.J. Cooke 0-0: Called Strike
0-1: Ball
1-1: Foul Ball, location: 2F
1-2: Strikes out swinging
Top of the 2nd over - 0 runs, 0 hits, 0 errors, 0 left on base; Kane County 0 - Peoria 0
BOTTOM OF THE 2ND
Peoria Chiefs batting - Pitching for Kane County Cougars : RHP Nobuo Okazaki
Batting: RHB Edgar Landim 0-0: Ground out 4-3 (Groundball, 4, EV 85.6 MPH)
Batting: RHB Tim Jobe 0-0: Ball
1-0: Foul Ball, location: 2F
1-1: Called Strike
1-2: Strikes out swinging
Batting: RHB Kyle Burns 0-0: Called Strike
0-1: Fly out, F9 (Flyball, 9, EV 86.9 MPH)
Bottom of the 2nd over - 0 runs, 0 hits, 0 errors, 0 left on base; Kane County 0 - Peoria 0
TOP OF THE 3RD
Kane County Cougars batting - Pitching for Peoria Chiefs : RHP Gareth Haigh
Batting: RHB Sergio Manzanero 0-0: Called Strike
0-1: Called Strike
0-2: Strikes out swinging
Batting: LHB Jeff Trapp 0-0: Ground out 5-3 (Groundball, 56S, EV 78.8 MPH)
Batting: RHB Gary Hills 0-0: Ball
1-0: Ball
2-0: Ball
3-0: Base on Balls
Batting: RHB Francisco Gutierrez 0-0: Ball
1-0: Fly out, F9 (Flyball, 9LD, EV 107.5 MPH)
Top of the 3rd over - 0 runs, 0 hits, 0 errors, 1 left on base; Kane County 0 - Peoria 0
BOTTOM OF THE 3RD
Peoria Chiefs batting - Pitching for Kane County Cougars : RHP Nobuo Okazaki
Batting: RHB Ben Politi 0-0: Foul Ball, location: 2F
0-1: Ground out U3 (Groundball, 3, EV 91.9 MPH)
Batting: RHB Mario Mendoza 0-0: Called Strike
0-1: Ball
1-1: Ball
2-1: Swinging Strike
2-2: Ball
3-2: Ground out 6-3 (Groundball, 6S, EV 65.6 MPH)
Batting: RHB Tim Cleary 0-0: Ball
1-0: Ball
2-0: Called Strike
2-1: Ball
3-1: Ground out 6-3 (Groundball, 6, EV 90.6 MPH)
Bottom of the 3rd over - 0 runs, 0 hits, 0 errors, 0 left on base; Kane County 0 - Peoria 0
TOP OF THE 4TH
Kane County Cougars batting - Pitching for Peoria Chiefs : RHP Gareth Haigh
Batting: SHB Blaine Peters 0-0: SINGLE (Groundball, 3S, EV 70.0 MPH) (infield hit)
Batting: RHB Chad Mendoza 0-0: Called Strike
0-1: Called Strike
Blaine Peters steals 2nd base
0-2: Foul Ball, location: 2F
0-2: Foul Ball, location: 2F
0-2: SINGLE (Flyball, 7LS, EV 90.0 MPH)
Blaine Peters to third
Batting: LHB J.P. Olson 0-0: Called Strike
0-1: Ball
1-1: Ball
Wild Pitch!
Blaine Peters scores
Chad Mendoza to second
2-1: Foul Ball, location: 2F
2-2: Ball
3-2: Fly out, F3 (Flyball, 3D, EV 87.5 MPH)
Batting: SHB John Cummings 0-0: Called Strike
0-1: Swinging Strike
Passed Ball!
Chad Mendoza to third
0-2: Foul Ball, location: 2F
0-2: Ball
1-2: Strikes out swinging
Batting: RHB D.J. Cooke 0-0: Called Strike
0-1: Ball
1-1: Foul Ball, location: 2F
1-2: Strikes out swinging
Top of the 4th over - 1 run, 2 hits, 0 errors, 1 left on base; Kane County 1 - Peoria 0
BOTTOM OF THE 4TH
Peoria Chiefs batting - Pitching for Kane County Cougars : RHP Nobuo Okazaki
Batting: SHB Hank Arias 0-0: Ball
1-0: Ball
2-0: SOLO HOME RUN (Flyball, 9D, EV 96.9 MPH), Distance : 386 ft
Batting: RHB Pat Scaturro 0-0: Ball
1-0: Ball
2-0: Ball
3-0: Called Strike
3-1: Ground out 6-3 (Groundball, 6, EV 86.2 MPH)
Batting: RHB Chris Norris 0-0: Ball
1-0: Ball
2-0: Foul Ball, location: 2F
2-1: Ball
3-1: Base on Balls
Batting: RHB Edgar Landim 0-0: Swinging Strike
0-1: Swinging Strike
0-2: Ball
1-2: Ball
2-2: Strikes out swinging
Batting: RHB Tim Jobe 0-0: Called Strike
0-1: Ball
1-1: Swinging Strike
1-2: Foul Ball, location: 2F
1-2: Ground out 6-3 (Groundball, 56D, EV 104.4 MPH)
Bottom of the 4th over - 1 run, 1 hit, 0 errors, 1 left on base; Kane County 1 - Peoria 1
TOP OF THE 5TH
Kane County Cougars batting - Pitching for Peoria Chiefs : RHP Gareth Haigh
Batting: RHB Sergio Manzanero 0-0: Reached on error, E6 (Groundball, 6, EV 100.6 MPH)
Batting: LHB Jeff Trapp 0-0: Intentional Walk
Batting: RHB Gary Hills 0-0: Called Strike
0-1: Fly out, F7 (Flyball, 78S, EV 96.2 MPH)
Batting: RHB Francisco Gutierrez 0-0: Called Strike
0-1: Foul Ball, location: 2F
0-2: Ball
1-2: Ball
2-2: Ground out U3 (Groundball, 3L, EV 87.5 MPH)
Sergio Manzanero to third
Jeff Trapp to second
Batting: SHB Blaine Peters 0-0: Ball
1-0: Called Strike
1-1: Swinging Strike
1-2: Strikes out swinging
Top of the 5th over - 0 runs, 0 hits, 1 error, 2 left on base; Kane County 1 - Peoria 1
BOTTOM OF THE 5TH
Peoria Chiefs batting - Pitching for Kane County Cougars : RHP Nobuo Okazaki
Batting: RHB Kyle Burns 0-0: Ball
1-0: Ball
2-0: Ground out 4-3 (Groundball, 4MS, EV 87.5 MPH)
Batting: RHB Ben Politi 0-0: Ball
1-0: Fly out, F8 (Flyball, 78D, EV 96.2 MPH)
Batting: RHB Mario Mendoza 0-0: Called Strike
0-1: Swinging Strike
0-2: Foul Ball, location: 2F
0-2: Ball
1-2: Ball
2-2: Ball
3-2: Fly out, F7 (Flyball, 7LMF, EV 108.1 MPH)
Bottom of the 5th over - 0 runs, 0 hits, 0 errors, 0 left on base; Kane County 1 - Peoria 1
TOP OF THE 6TH
Kane County Cougars batting - Pitching for Peoria Chiefs : RHP Gareth Haigh
Batting: RHB Chad Mendoza 0-0: Swinging Strike
0-1: Swinging Strike
0-2: Foul Ball, location: 2F
0-2: Ball
1-2: Ball
2-2: Ground out 1-3 (Groundball, 34S, EV 76.9 MPH)
Pitching: LHP Jon Zaragoza
Batting: LHB J.P. Olson 0-0: Ball
1-0: Swinging Strike
1-1: Foul Ball, location: 2F
1-2: Ball
2-2: Foul Ball, location: 2F
2-2: Strikes out swinging
Batting: SHB John Cummings 0-0: Ball
1-0: Foul Ball, location: 2F
1-1: Foul Ball, location: 2F
1-2: Ball
2-2: Ball
3-2: Foul Ball, location: 2F
3-2: Foul Ball, location: 2F
3-2: Base on Balls
Batting: RHB D.J. Cooke 0-0: SINGLE (Groundball, 56D, EV 93.8 MPH)
John Cummings to second
Batting: RHB Sergio Manzanero 0-0: Called Strike
0-1: Foul Ball, location: 2F
0-2: Ball
1-2: Ball
2-2: Ball
3-2: Foul Ball, location: 2F
3-2: Foul Ball, location: 2F
3-2: Strikes out swinging
Top of the 6th over - 0 runs, 1 hit, 0 errors, 2 left on base; Kane County 1 - Peoria 1
BOTTOM OF THE 6TH
Peoria Chiefs batting - Pitching for Kane County Cougars : RHP Nobuo Okazaki
Batting: RHB Tim Cleary 0-0: Ball
1-0: Foul Ball, location: 2F
1-1: Ball
2-1: Swinging Strike
2-2: Ground out 4-3 (Groundball, 4, EV 105.6 MPH)
Batting: SHB Hank Arias 0-0: Ball
1-0: Swinging Strike
1-1: Foul Ball, location: 2F
1-2: Ground out 6-3 (Groundball, 6, EV 80.6 MPH)
Batting: RHB Pat Scaturro 0-0: Ball
1-0: TRIPLE (Flyball, 89XD, EV 100.0 MPH)
Batting: RHB Chris Norris 0-0: Ball
1-0: Ball
2-0: Ball
3-0: Base on Balls
Batting: RHB Edgar Landim 0-0: Fly out, F8 (Flyball, 78D, EV 98.1 MPH)
Bottom of the 6th over - 0 runs, 1 hit, 0 errors, 2 left on base; Kane County 1 - Peoria 1
TOP OF THE 7TH
Kane County Cougars batting - Pitching for Peoria Chiefs : LHP Jon Zaragoza
Pitching: RHP Eric Hudson
Batting: LHB Jeff Trapp 0-0: Called Strike
0-1: Foul Ball, location: 2F
0-2: Ball
1-2: Ball
2-2: Strikes out swinging
Batting: RHB Gary Hills 0-0: Foul Ball, location: 2F
0-1: Ball
1-1: Ball
2-1: Foul Ball, location: 2F
2-2: Ball
3-2: Foul Ball, location: 2F
3-2: Fly out, F7 (Flyball, 78M, EV 82.5 MPH)
Batting: RHB Francisco Gutierrez 0-0: Swinging Strike
0-1: Ball
1-1: Ball
2-1: Foul Ball, location: 2F
2-2: Ball
3-2: Foul Ball, location: 2F
3-2: Ground out U3 (Groundball, 34S, EV 73.8 MPH)
Top of the 7th over - 0 runs, 0 hits, 0 errors, 0 left on base; Kane County 1 - Peoria 1
BOTTOM OF THE 7TH
Peoria Chiefs batting - Pitching for Kane County Cougars : RHP Nobuo Okazaki
Batting: RHB Tim Jobe 0-0: Called Strike
0-1: Called Strike
0-2: Fly out, F9 (Line Drive, 9LM, EV 85.6 MPH)
Batting: RHB Kyle Burns 0-0: Called Strike
0-1: Ball
1-1: Foul Ball, location: 2F
1-2: Foul Ball, location: 2F
1-2: Ball
2-2: Reached on error, E4 (Groundball, 4, EV 80.0 MPH)
Batting: RHB Ben Politi 0-0: Ball
1-0: Swinging Strike
1-1: Fielders Choice at 2nd, 1-6 (Groundball, 13, EV 76.2 MPH)
Batting: RHB Mario Mendoza 0-0: Ball
Ben Politi steals 2nd base
1-0: Ball
2-0: Ball
3-0: Called Strike
3-1: Base on Balls
Batting: RHB Tim Cleary 0-0: Called Strike
0-1: Foul Ball, location: 2F
0-2: Ball
1-2: Ball
2-2: Foul Ball, location: 2F
2-2: Ball
3-2: Base on Balls
Ben Politi to third
Mario Mendoza to second
Pitching: RHP Jaylen Hatten
Batting: SHB Hank Arias 0-0: Ball
1-0: Called Strike
1-1: Ball
2-1: Foul Ball, location: 2F
2-2: Strikes out swinging
Bottom of the 7th over - 0 runs, 0 hits, 1 error, 3 left on base; Kane County 1 - Peoria 1
TOP OF THE 8TH
Kane County Cougars batting - Pitching for Peoria Chiefs : RHP Eric Hudson
Pitching: RHP Nick Butler
Batting: SHB Blaine Peters 0-0: Foul Ball, location: 2F
0-1: Ball
1-1: Foul Ball, location: 2F
1-2: Strikes out swinging
Batting: RHB Chad Mendoza 0-0: Ball
1-0: Foul Ball, location: 2F
1-1: Ground out 4-3 (Groundball, 4, EV 86.9 MPH)
Batting: LHB J.P. Olson 0-0: Called Strike
0-1: Ground out 6-3 (Groundball, 4M, EV 103.1 MPH)
Top of the 8th over - 0 runs, 0 hits, 0 errors, 0 left on base; Kane County 1 - Peoria 1
BOTTOM OF THE 8TH
Peoria Chiefs batting - Pitching for Kane County Cougars : RHP Jaylen Hatten
Batting: RHB Pat Scaturro 0-0: Ball
1-0: Called Strike
1-1: Ball
2-1: Ground out 6-3 (Groundball, 6M, EV 86.9 MPH)
Batting: RHB Chris Norris 0-0: Called Strike
0-1: Ball
1-1: Ball
2-1: Swinging Strike
2-2: Ball
3-2: Base on Balls
Batting: RHB Edgar Landim 0-0: Foul Ball, location: 2F
0-1: Ball
1-1: Ball
2-1: Foul Ball, location: 2F
2-2: Strikes out swinging
Chris Norris is caught stealing 2nd base 2-4
Batter strikes out.
Bottom of the 8th over - 0 runs, 0 hits, 0 errors, 0 left on base; Kane County 1 - Peoria 1
TOP OF THE 9TH
Kane County Cougars batting - Pitching for Peoria Chiefs : RHP Nick Butler
Batting: SHB John Cummings 0-0: Ball
1-0: Called Strike
1-1: Called Strike
1-2: Foul Ball, location: 2F
1-2: Ball
2-2: Strikes out looking
Batting: RHB D.J. Cooke 0-0: Called Strike
0-1: Ball
1-1: Foul Ball, location: 2F
1-2: Ball
2-2: Strikes out swinging
Batting: RHB Sergio Manzanero 0-0: Ball
1-0: Called Strike
1-1: Foul Ball, location: 2F
1-2: Ball
2-2: Strikes out swinging
Top of the 9th over - 0 runs, 0 hits, 0 errors, 0 left on base; Kane County 1 - Peoria 1
BOTTOM OF THE 9TH
Peoria Chiefs batting - Pitching for Kane County Cougars : RHP Jaylen Hatten
Pitching: RHP Sam Lewis
Batting: RHB Tim Jobe 0-0: Foul Ball, location: 2F
0-1: Fly out, F7 (Flyball, 78S, EV 83.8 MPH)
Pinch Hitting: LHB Keith Rice 0-0: Fly out, F7 (Line Drive, 7S, EV 98.1 MPH)
Pinch Hitting: LHB Jorge Zarazua 0-0: Ball
1-0: Ball
2-0: Ball
3-0: Called Strike
3-1: Base on Balls
Pinch Hitting: LHB Billy Lang 0-0: Ball
1-0: 2-RUN HOME RUN (Flyball, 9D, EV 97.5 MPH), Distance : 374 ft
Bottom of the 9th over - 2 runs, 1 hit, 0 errors, 0 left on base; Kane County 1 - Peoria 3
Tuesday, March 28th , 2023 - OOTP Baseball 23.10 Build 110